 Dungeon Crawl Stone Soup version 0.32-a0-516-g94ed278cf8 (webtiles) character file.

Game seed: 857596453638794445

105492 GordonOverkill the Severer (level 16, 0/136 HPs)
             Began as a Coglin Delver on Feb 27, 2024.
             Was a High Priest of Trog.
             Killed from afar by a frost giant (18 damage)
             ... with a bolt of cold
             ... on level 15 of the Dungeon.
             The game lasted 00:32:07 (22035 turns).

GordonOverkill the Severer (Coglin Delver)         Turns: 22035, Time: 00:32:08

Health: 0/136      AC: 17    Str: 19    XL:     16   Next: 41%
Magic:  16/16      EV:  9    Int: 10    God:    Trog [*****.]
Gold:   1062       SH:  5    Dex: 21    Spells: 15/15 levels left

rFire   + + .        X - +9 trident of Istaemo {freeze, Dex+4}
rCold   + . .        H - +4 broad axe (venom) {Yawen}
rNeg    . . .        U - +0 plate armour {rF+}
rPois   .            O - +0 mask of the Dragon {Will+ Slay+3 SInv}
rElec   .            C - +0 cloak
rCorr   .            (no gloves)
SInv    +            u - +0 pair of boots
Will    ++...        k - amulet of reflection Stlth
                     (ring unavailable)
HPRegen 0.42/turn    (ring unavailable)
MPRegen 0.15/turn

%: reflection
@: about to teleport, marked, on berserk cooldown, slowed, studying Axes, very
slow
A: cold resistance 1, fire resistance 1, off-hand wielding, slow wielding,
warmup strikes, no rings
a: Renounce Religion, Berserk, Trog's Hand, Brothers in Arms


You were on level 15 of the Dungeon.
You worshipped Trog.
Trog was extremely pleased with you.
You visited 3 branches of the dungeon, and saw 21 of its levels.
You also visited: Gauntlet.

You collected 1429 gold pieces.
You spent 367 gold pieces at shops.

Inventory:

Hand Weapons
 H - a +4 broad axe of venom (offhand) {Yawen}
 K - a +0 broad axe
 X - the +9 trident of Istaemo (weapon) {freeze, Dex+4}
   (You took it off a spriggan rider on level 14 of the Dungeon)

   Dex+4:     It affects your dexterity (+4).
Missiles
 a - 2 curare-tipped darts
 e - 5 silver javelins
 m - 12 boomerangs (quivered)
 F - 2 throwing nets
Armour
 u - a +0 pair of boots (worn)
 C - a +0 cloak (worn)
 I - +0 swamp dragon scales
 O - the +0 mask of the Dragon (worn) {Will+ Slay+3 SInv}
   (You bought it in a shop on level 7 of the Dungeon)

   Slay+3:    It affects your accuracy & damage with ranged weapons and melee
   (+3).
   Will+:     It increases your willpower.
   SInv:      It lets you see invisible.
 U - a +0 plate armour of fire resistance (worn)
Jewellery
 k - an amulet of reflection (around neck)
 y - an amulet of the acrobat
 L - an amulet of faith
Wands
 g - a wand of digging (15)
 h - a wand of mindburst (10)
 l - a wand of polymorph (13)
 t - a wand of paralysis (28)
 w - a wand of flame (23)
 B - a wand of roots (10)
 S - a wand of quicksilver (4)
Scrolls
 b - 7 scrolls of teleportation
 c - 5 scrolls of fog
 d - 5 scrolls of revelation
 n - 4 scrolls of amnesia
 o - a scroll of summoning
 q - 4 scrolls of immolation
 E - a scroll of blinking {unknown}
 J - 3 scrolls of fear
 M - 5 scrolls of identify
 N - 3 scrolls of vulnerability
Potions
 f - 4 potions of haste
 i - a potion of ambrosia
 j - 14 potions of curing
 p - 6 potions of mutation
 r - 3 potions of magic
 s - 5 potions of enlightenment
 v - a potion of resistance
 z - 2 potions of might
 D - 2 potions of attraction
 P - 4 potions of brilliance
 Q - 4 potions of lignification
Miscellaneous
 A - a tin of tremorstones (2/2)
 R - a lightning rod (4/4)
 T - a phial of floods
 V - a sack of spiders


   Skills:
 - Level 15.0 Fighting
 - Level 20.0 Axes
 + Level 10.7 Armour
 - Level 6.0 Dodging
 - Level 4.1 Stealth
 - Level 5.0 Evocations


You had 15 spell levels left.
You didn't know any spells.
Your spell library was empty.

Dungeon Overview and Level Annotations

Branches:
Dungeon (15/15)            Temple (1/1) D:5            Lair (5/5) D:9
 Shoals (0/4) Lair:3        Snake (0/4) Lair:3        Slime (0/5) Lair:5
    Orc (0/2) D:11         Vaults (0/5) D:13        Gauntlet (visited)
 Depths: D:15

Altars:
Ashenzari
Cheibriados
Dithmenos
Elyvilon
Fedhas
Gozag
Hepliaklqana
Kikubaaqudgha
Makhleb
Nemelex Xobeh
Okawaru
Qazlal
Ru
Sif Muna
Trog
Uskayaw
Vehumet
Wu Jian
Xom
Yredelemnul
Zin
The Shining One
Jiyva

Shops:
D:7 [


Innate Abilities, Weirdness & Mutations

Your flesh is cold resistant. (rC+)
Your flesh is heat resistant. (rF+)
You can wield a second weapon in your off-hand.
It takes a long time for you to wield or remove held weapons.
Your first few attacks do less damage.
Your grasper-arms cannot wear rings.


Message History

A frost giant comes into view.
It is wielding a +1 battleaxe of freezing.
The tengu warrior shoots a bolt.
The bolt hits you!!
A tengu warrior comes into view. It is wielding a +0 arbalest.
You feel your anger nearly subside.
You are no longer berserk.
You are exhausted.
You feel yourself slow down.
The tengu warrior shoots a bolt.
The bolt hits you!
The tengu warrior shoots a bolt.
The bolt hits you!
The tengu warrior shoots a bolt.
The bolt hits you!
* * * LOW HITPOINT WARNING * * *
The frost giant gestures at you while chanting.
The bolt of cold hits you! You resist.
* * * LOW HITPOINT WARNING * * *
The tengu warrior shoots a bolt.
The bolt barely misses you.
As you read the scroll of teleportation, it crumbles to dust.
You feel strangely unstable.
The tengu warrior shoots a bolt.
The bolt hits you!!
* * * LOW HITPOINT WARNING * * *
The frost giant casts a spell at you.
The bolt of cold is repelled.
Okay, then.
You feel much better.
The frost giant hits you with a +1 battleaxe of freezing!!
* * * LOW HITPOINT WARNING * * *
The frost giant freezes you.
* * * LOW HITPOINT WARNING * * *
The tengu warrior slips past you!
The tengu warrior unwields a +0 arbalest.
The tengu warrior hits you but does no damage.
The tengu warrior closely misses you.
The tengu warrior claws you but does no damage.
The frost giant points at you and mumbles some strange words.
The bolt of cold hits you! You resist.
* * * LOW HITPOINT WARNING * * *
The tengu warrior wields a +0 arbalest.
The tengu warrior shoots a bolt.
The bolt hits you!
* * * LOW HITPOINT WARNING * * *
The frost giant points at you and mumbles some strange words.
The bolt of cold hits you!! You resist.
You die...

.# #.# ..#########.#
#..)......).## ####
#............# ...#
#............#
...###..........Q.#
..##.......[..CQ..#
.###............@.#
..............)...#
..##############..#
###### ###..######
.....#########.........#
####.##)....##.........#
.....##.....##.........#
†##..##.....##.........#
.##.........##.........#


You could see a frost giant and 2 tengu warriors.

Vanquished Creatures
  Gastronok (Lair:3)
  A minotaur (Gauntlet)
  3 dire elephants
  The ghost of Paoniemp the Spear-Bearer, a journeyman DjFE of Gozag (Lair:3)
  The ghost of Kous the Skirmisher, a journeyman DsMo of Dithmenos (D:14)
  An entropy weaver (Gauntlet)
  Erolcha (D:12)
  3 hydras
  2 ogre magi
  A catoblepas (Lair:5)
  8 two-headed ogres
  9 death yaks (Lair:5)
  2 skysharks
  4 deep elf pyromancers
  An arcanist (D:15)
  An orc knight (D:15)
  7 lindwurms
  3 wolf spiders
  A cyclops (D:14)
  An orc sorcerer (D:15)
  16 elephants
  A salamander (Lair:2)
  4 manticores
  19 ugly things
  A black mamba (shapeshifter) (D:15)
  5 black mambas
  An orange demon (D:10)
  Jeremiah (D:8)
  16 cane toads
  Maggie (D:9)
  2 unseen horrors
  3 rime drakes
  An efreet (D:13)
  10 komodo dragons
  2 tengu conjurers (D:13)
  A freezing wraith (D:14)
  Psyche (D:8)
  A troll (shapeshifter) (D:13)
  A red devil (D:10)
  8 trolls
  2 hornets
  3 polar bears (Lair:4)
  A wind drake (Lair:3)
  Grinder (D:3)
  15 blink frogs
  7 dream sheep (Lair:5)
  Sigmund (D:3)
  8 slime creatures
  A centaur simulacrum (D:15)
  A spriggan (D:14)
  A wraith (D:11)
  A human (shapeshifter) (D:14)
  75 yaks
  3 wyverns
  A ynoxinul (D:10)
  A redback (Gauntlet)
  3 basilisks
  3 vampire mosquitoes (D:11)
  2 fire elementals (Lair:2)
  A golden eye (shapeshifter) (D:14)
  A chaos spawn (D:10)
  A warg (D:11)
  2 steam dragons
  2 nagas (Lair:3)
  2 acid dragons (D:11)
  Edmund (D:6)
  17 water moccasins
  6 orc warriors
  A black bear (D:14)
  4 laughing skulls
  A boggart (D:14)
  6 wolves (Lair:2)
  5 ogres
  A phantom (D:4)
  2 centaurs
  5 kobold brigands
  10 bullfrogs
  2 gnoll sergeants
  3 scorpions
  9 wights
  13 killer bees
  7 howler monkeys
  2 lava snakes (Lair:2)
  2 bombardier beetles
  A quasit (D:10)
  A gnoll bouda (D:9)
  A hound (D:6)
  8 orc priests
  5 iguanas
  13 orc wizards
  13 gnolls
  6 adders
  A shadow imp (D:4)
  A white imp (D:5)
  A ribbon worm (D:3)
  A dart slug (D:1)
  54 orcs
  6 endoplasms
  2 giant cockroaches (D:13)
  3 goblins
  4 hobgoblins
  8 jackals
  22 kobolds
  2 quokkas
  12 ball pythons
  7 bats
  A frilled lizard (D:3)
  5 rats
561 creatures vanquished.

Vanquished Creatures (others)
  An orc wizard (D:7)
1 creature vanquished.

Grand Total: 562 creatures vanquished

Notes
Turn   | Place    | Note
-------+----------+-------------------------------------------
     0 | D:5      | GordonOverkill the Coglin Delver began the quest for the
                  | Orb.
     0 | D:5      | Reached XP level 1. HP: 18/18 MP: 1/1
     3 | D:5      | Noticed an ogre
     6 | Temple   | Entered the Ecumenical Temple
    15 | Temple   | Became a worshipper of Trog the Wrathful
    51 | D:5      | Identified the +3 mace "Reny" {elec, *Corrode Fly rPois
                  | Dex+5}
    71 | D:5      | Killed an ogre
    72 | D:5      | Reached skill level 4 in Axes
    72 | D:5      | Reached XP level 2. HP: 9/24 MP: 2/2
    72 | D:5      | Reached XP level 3. HP: 10/29 MP: 3/3
    72 | D:5      | Reached XP level 4. HP: 13/35 MP: 4/4
    80 | D:5      | Noticed an ogre
   227 | D:4      | Noticed a phantom
   279 | D:4      | Killed a phantom
   280 | D:4      | Reached skill level 5 in Axes
   280 | D:4      | Reached XP level 5. HP: 17/41 MP: 5/5
   779 | D:2      | Reached * piety under Trog
  1011 | D:1      | Reached skill level 6 in Axes
  1036 | D:1      | Reached XP level 6. HP: 41/47 MP: 6/6
  1798 | D:2      | Reached ** piety under Trog
  2138 | D:3      | Noticed Grinder
  2529 | D:3      | Paralysed by Grinder for 5 turns
  2540 | D:3      | Paralysed by Grinder for 4 turns
  2544 | D:3      | Killed Grinder
  2545 | D:3      | Reached XP level 7. HP: 54/54 MP: 7/7
  2653 | D:3      | Noticed Sigmund
  2660 | D:3      | Killed Sigmund
  2661 | D:3      | Reached skill level 7 in Axes
  3472 | D:5      | Reached skill level 8 in Axes
  3472 | D:5      | Reached skill level 1 in Armour
  3599 | D:5      | Reached XP level 8. HP: 60/60 MP: 8/8
  4240 | D:5      | Found a shadowy altar of Dithmenos.
  4328 | D:5      | Reached skill level 1 in Evocations
  4678 | D:6      | Reached skill level 9 in Axes
  4741 | D:6      | Found a broken altar of Ashenzari.
  4764 | D:6      | Found a burning altar of Makhleb.
  4882 | D:6      | Noticed Edmund
  4890 | D:6      | Killed Edmund
  4891 | D:6      | Reached XP level 9. HP: 65/65 MP: 9/9
  4894 | D:6      | Reached skill level 10 in Axes
  5001 | D:6      | Reached skill level 5 in Fighting
  5449 | D:7      | Found Jotajyva's Armour Emporium.
  5579 | D:7      | Noticed a troll
  5585 | D:7      | Killed a troll
  5647 | D:6      | Reached *** piety under Trog
  5699 | D:7      | Reached skill level 11 in Axes
  6389 | D:8      | Reached XP level 10. HP: 54/76 MP: 10/10
  6395 | D:8      | Reached skill level 12 in Axes
  6806 | D:8      | Noticed Jeremiah
  6814 | D:8      | Killed Jeremiah
  6873 | D:8      | Noticed Psyche
  6889 | D:8      | Killed Psyche
  6890 | D:8      | Reached skill level 13 in Axes
  7778 | D:9      | Reached skill level 14 in Axes
  7780 | D:9      | Reached XP level 11. HP: 84/84 MP: 11/11
  7851 | D:9      | Reached skill level 5 in Armour
  8114 | D:9      | Found a staircase to the Lair.
  8216 | D:9      | Reached **** piety under Trog
  8408 | D:9      | Noticed Maggie
  8417 | D:9      | Killed Maggie
  8637 | D:9      | Identified the +4 robe of Naong {rElec Dex+4 Archmagi}
  8683 | D:10     | Entered Level 10 of the Dungeon
  8699 | D:10     | Found an ornate altar of the Wu Jian Council.
  8809 | D:10     | Identified the +0 quarterstaff "Testudine's Demise" {flame,
                  | rPois}
  8821 | D:10     | Noticed a two-headed ogre
  8825 | D:10     | Killed a two-headed ogre
  9052 | D:10     | Reached skill level 15 in Axes
  9746 | D:11     | Noticed a deep elf pyromancer
  9760 | D:11     | Killed a deep elf pyromancer
  9811 | D:11     | Reached XP level 12. HP: 83/91 MP: 12/12
  9901 | D:11     | Reached skill level 16 in Axes
  9979 | D:11     | Found a staircase to the Orcish Mines.
 10061 | D:11     | Noticed a two-headed ogre
 10065 | D:11     | Killed a two-headed ogre
 10429 | D:11     | Noticed a two-headed ogre
 10433 | D:11     | Killed a two-headed ogre
 10889 | D:12     | Noticed Erolcha
 11178 | D:12     | Killed Erolcha
 11179 | D:12     | Reached skill level 10 in Fighting
 12353 | D:13     | Found a sacrificial altar of Ru.
 12650 | D:13     | Noticed an ogre mage
 12651 | D:13     | Found a gate to the Vaults.
 12651 | D:13     | Noticed a two-headed ogre
 12651 | D:13     | Noticed a two-headed ogre
 12656 | D:13     | Killed a two-headed ogre
 12657 | D:13     | Killed a two-headed ogre
 12657 | D:13     | Reached ***** piety under Trog
 12658 | D:13     | Killed an ogre mage
 12659 | D:13     | Gained mutation: Your flesh is cold resistant. (rC+)
                  | [Coglin growth]
 12659 | D:13     | Gained mutation: Your flesh is heat resistant. (rF+)
                  | [Coglin growth]
 12659 | D:13     | Reached XP level 13. HP: 62/103 MP: 13/13
 12884 | D:13     | Reached skill level 10 in Armour
 13136 | D:13     | Identified the +10 dagger "Katexy" {heavy, rElec rC- rN+}
 13524 | D:7      | Bought the +0 mask of the Dragon {Will+ Slay+3 SInv} for
                  | 367 gold pieces
 13524 | D:7      | Found the +0 mask of the Dragon {Will+ Slay+3 SInv}
 13598 | Lair:1   | Entered Level 1 of the Lair of Beasts
 13606 | Lair:1   | Reached skill level 5 in Evocations
 14489 | Lair:2   | Found a gate leading to a gauntlet.
 14498 | Gauntlet | Entered a Gauntlet
 14498 | Gauntlet | Found a transporter.
 14507 | Gauntlet | Found a transporter.
 14524 | Gauntlet | Found a transporter.
 14527 | Gauntlet | Found a transporter.
 14529 | Gauntlet | Found a large runed translucent door.
 14529 | Gauntlet | Found a large runed translucent door.
 14530 | Gauntlet | Found a large runed translucent door.
 14531 | Gauntlet | Found a large runed translucent door.
 14531 | Gauntlet | Found a large runed translucent door.
 14531 | Gauntlet | Found a runed translucent door.
 14532 | Gauntlet | Found a large runed translucent door.
 14533 | Gauntlet | Found a large runed translucent door.
 14534 | Gauntlet | Found a large runed translucent door.
 14534 | Gauntlet | Found a large runed translucent door.
 14535 | Gauntlet | Found a runed translucent gate.
 14543 | Gauntlet | Found a runed translucent gate.
 14543 | Gauntlet | Found a transporter.
 14544 | Gauntlet | Found a runed translucent gate.
 14544 | Gauntlet | Found a runed translucent door.
 14546 | Gauntlet | Found a large runed translucent door.
 14546 | Gauntlet | Found a large runed translucent door.
 14547 | Gauntlet | Found a large runed translucent door.
 14548 | Gauntlet | Found a large runed translucent door.
 14548 | Gauntlet | Noticed a blizzard demon
 14557 | Gauntlet | Found a large runed translucent door.
 14557 | Gauntlet | Found a large runed translucent door.
 14557 | Gauntlet | Found a transporter.
 14558 | Gauntlet | Found a large runed translucent door.
 14560 | Gauntlet | Found a transporter.
 14564 | Gauntlet | Found a transporter.
 14587 | Gauntlet | Found a transporter.
 14595 | Gauntlet | Noticed a dire elephant
 14604 | Gauntlet | Found a transporter.
 14608 | Gauntlet | Found a transporter.
 14610 | Gauntlet | Found a runed translucent gate.
 14610 | Gauntlet | Found a runed translucent gate.
 14610 | Gauntlet | Found a runed translucent gate.
 14615 | Gauntlet | Noticed an entropy weaver
 14616 | Gauntlet | Found a transporter.
 14665 | Gauntlet | Killed an entropy weaver
 14783 | Gauntlet | Killed a dire elephant
 14784 | Gauntlet | Reached skill level 17 in Axes
 14890 | Gauntlet | Reached XP level 14. HP: 115/115 MP: 14/14
 15671 | Lair:3   | Found a staircase to the Snake Pit.
 15892 | Lair:3   | Reached skill level 18 in Axes
 16131 | Lair:3   | Found a staircase to the Shoals.
 16530 | Lair:3   | Noticed Gastronok
 16542 | Lair:3   | Killed Gastronok
 16772 | Lair:3   | Found a runed translucent door.
 16772 | Lair:3   | Noticed Paoniemp's ghost (journeyman DjFE)
 16818 | Lair:3   | Killed Paoniemp's ghost
 17114 | Lair:4   | Identified the +1 leather armour "Guanku" {rN+++ Stlth-}
 17367 | Lair:4   | Reached XP level 15. HP: 120/120 MP: 15/15
 17565 | Lair:4   | Reached skill level 19 in Axes
 18163 | Lair:5   | Entered Level 5 of the Lair of Beasts
 18443 | Lair:5   | Reached skill level 20 in Axes
 18612 | Lair:5   | Found a viscous altar of Jiyva.
 18613 | Lair:5   | Found a staircase to the Slime Pits.
 18664 | Lair:5   | Received a gift from Trog
 18878 | Lair:5   | Reached skill level 5 in Dodging
 18953 | Lair:5   | Identified the +6 mace of Linearity {heavy, rCorr MP+9
                  | Str+2}
 20607 | D:14     | Found a runed translucent door.
 20609 | D:14     | Identified the +9 trident of Istaemo {freeze, Dex+4}
 20816 | D:14     | Reached XP level 16. HP: 132/132 MP: 16/16
 21299 | D:14     | Noticed Kous's ghost (journeyman DsMo)
 21320 | D:14     | Killed Kous's ghost
 21486 | D:15     | Entered Level 15 of the Dungeon
 21846 | D:15     | Reached skill level 15 in Fighting
 22035 | D:15     | Killed from afar by a frost giant

Illustrated notes

Levels and vault maps discovered:
D:1:      dpeg_arrival_long_road, layout_rooms
D:2:      layout_basic
D:3:      layout_basic, st_stairs_9, uniq_sigmund, uniq_grinder
D:4:      layout_basic
D:5:      layout_rooms, lemuel_tele_altar, minmay_temple_entry_overgrown,
          hangedman_decor_points, minmay_fractal_squares_5
D:6:      layout_rooms, mainiacjoe_overflow_big_doors, uniq_edmund
D:7:      layout_rooms, serial_shops, shop_statue
D:8:      layout_cave_pods, uniq_psyche, uniq_jeremiah
D:9:      layout_stronghold, dpeg_oklobed_lair, minmay_misc_feat_more_columns,
          uniq_maggie
D:10:     layout_loops_ring, nicolae_wu_jian_wuxing_cycle, serial_demonic,
          serial_demonic_g, serial_demonic_e, serial_demonic_d, serial_demonic_a
D:11:     layout_loops_ring, erik_orc_3
D:12:     layout_stronghold, minmay_lindwurm_lava, uniq_erolcha
D:13:     layout_roguey, david_vaults_2, nicolae_ru_great_annihilating_truth
D:14:     layout_roguey, ebering_ghost_funeral_grove, minmay_crystal_room
D:15:     grunt_enter_depths_snipers, layout_rooms, minmay_door_square
Temple:   nicolae_temple_no_exploring_needed
Lair:1:   layout_roguey
Lair:2:   layout_chaotic_city, gauntlet_entry_generic
Lair:3:   hellmonk_ruined_rings, layout_chaotic_city,
          minmay_shoals_entry_beasts, minmay_snake_entry_guardpost_small,
          ebering_ghost_inner_flame, st_stairs_7, beast_lair_carwin_2,
          uniq_gastronok
Lair:4:   layout_hall_layers, beast_lair_carwin_6, serial_bayou_shore_b
Lair:5:   hangedman_lair_in_review, layout_big_grid, slime_entry_1

Skill      XL: |  1  2  3  4  5  6  7  8  9 10 11 12 13 14 15 16 |
---------------+-------------------------------------------------+-----
Axes           | 4 5 6 8 9 11 14 15 16 17 18 20 | 20.0
Fighting       | 4 6 7 10 12 13 15 | 15.0
Armour         | 2 4 7 9 10 | 10.7
Evocations     | 2 5 |  5.0
Dodging        | 6 |  6.0
Stealth        | |  4.1

Action                     |  1- 3 |  4- 6 |  7- 9 | 10-12 | 13-15 | 16-18 || total
---------------------------+-------+-------+-------+-------+-------+-------++-------
  Melee: Mace              |     2 |    95 |   150 |     9 |       |       ||   256
         Hand axe          |     2 |    80 |    80 |   366 |   363 |    32 ||   923
         Spear             |       |       |    89 |     6 |       |       ||    95
         Broad axe         |       |       |       |   193 |   360 |   102 ||   655
         Trident           |       |       |       |       |       |    70 ||    70
  Throw: Boomerang         |       |     2 |     7 |       |       |       ||     9
 Invoke: Berserk           |       |       |    13 |    23 |    27 |     4 ||    67
         Trog's Hand       |       |       |       |       |     1 |       ||     1
  Evoke: Tin of tremorston |       |       |       |       |     1 |       ||     1
    Use: Scroll            |     1 |     2 |       |    16 |     6 |     2 ||    27
         Potion            |       |     2 |       |     1 |     2 |     1 ||     6
   Stab: Sleeping          |       |     5 |       |     3 |       |       ||     8
         Paralysed         |       |       |       |     1 |       |       ||     1
         Distracted        |       |       |       |       |     1 |     1 ||     2
 Armour: Leather armour    |     1 |    13 |       |       |       |       ||    14
         Chain mail        |       |    44 |     7 |       |       |       ||    51
         Skin              |       |     8 |       |       |       |       ||     8
         Plate armour      |       |       |   101 |       |   288 |    70 ||   459
         Ring mail         |       |       |    54 |   199 |    39 |       ||   292
  Dodge: Dodged            |       |    42 |    39 |   108 |    94 |    23 ||   306
         Repelled          |       |       |       |     1 |     4 |     2 ||     7
  Block: Other             |       |       |    27 |    48 |    54 |     7 ||   136
         Reflection        |       |       |     2 |       |     1 |       ||     3

Table legend: (Time is in decaauts)
 A = Elapsed time spent in this place.
 B = Non-inter-level travel time spent in this place.
 C = Inter-level travel time spent in this place.
 D = Time resting spent in this place.
 E = Time spent auto-exploring this place.
 F = Levels seen in this place.
 G = Mean time per level.
                   A        B        C        D        E       F      G
               +--------+--------+--------+--------+--------+-----+--------+
         Total |  22434 |  21062 |   1372 |   6305 |  11271 |  22 | 1019.7 |
       Dungeon |  15643 |  14537 |   1106 |   4193 |   7882 |  15 | 1042.9 |
        Temple |     18 |      2 |     16 |      0 |      0 |   1 |   18.0 |
          Lair |   6254 |   6005 |    249 |   1858 |   3269 |   5 | 1250.8 |
      Gauntlet |    518 |    518 |      0 |    252 |    120 |   1 |  518.0 |
               +--------+--------+--------+--------+--------+-----+--------+

Top non-repeatable levels by time:
  Lair:5: 1969 daAuts
    D:11: 1614 daAuts
  Lair:3: 1486 daAuts
     D:8: 1471 daAuts
    D:13: 1297 daAuts
     D:4: 1293 daAuts
     D:5: 1231 daAuts
     D:9: 1196 daAuts
  Lair:4: 1184 daAuts
    D:10: 1180 daAuts
    D:12: 1145 daAuts
     D:2: 1130 daAuts
  Lair:2: 905 daAuts
    D:14: 890 daAuts
     D:6: 852 daAuts
